 Dungeon Crawl Stone Soup version 0.19.5 (webtiles) character file.

20 Gianozzolo the Ruffian (level 2, 0/25 HPs)
             Began as a Naga Transmuter on Nov 13, 2017.
             Slain by a goblin (1 damage)
             ... on level 2 of the Dungeon.
             The game lasted 00:01:27 (1031 turns).

Gianozzolo the Ruffian (Naga Transmuter)            Turns: 1031, Time: 00:01:28

Health: 0/25       AC:  2    Str: 12    XL:     2   Next: 79%
Magic:  4/5        EV: 10    Int: 13    God:
Gold:   70         SH:  0    Dex: 11    Spells: 1 memorised, 4 levels left

rFire  . . .     SeeInvis +       - Unarmed
rCold  . . .     Gourm    .     b - +0 robe
rNeg   . . .     Faith    .     (no shield)
rPois  +         Spirit   .     (no helmet)
rElec  .         Reflect  .     (no cloak)
rCorr  .         Harm     .     h - +0 pair of gloves
MR     .....                    (no barding)
Stlth  +.........               (no amulet)
                                (no ring)
                                (no ring)

@: short of breath, appendage, very slow
A: horns 2, see invisible, deformed body, poison resistance, slowness 2, slow
metabolism 1, spit poison 1, AC +0
a: Spit Poison, End Transformation


You were on level 2 of the Dungeon.
You were hungry.
You had grown temporary horns.
You visited 1 branch of the dungeon, and saw 2 of its levels.

You collected 70 gold pieces.

Inventory:

Armour
 b - a +0 robe (worn)
 h - a +0 pair of gloves (worn)
Jewellery
 k - a cursed amulet of inaccuracy {unknown}
Scrolls
 g - 3 scrolls of teleportation {unknown}
 i - a scroll of remove curse {unknown}
 n - 2 scrolls of identify {unknown}
 p - a scroll of fear {unknown}
Potions
 e - a potion of degeneration {unknown}
 f - a potion of haste {unknown}
 q - a potion of cancellation {unknown}
 r - a potion of berserk rage {unknown}
Books
 c - a book of Changes

   Spells                             Type                      Level
   a - Beastly Appendage              Transmutation                1
   b - Sticks to Snakes               Transmutation                2
   c - Spider Form                    Transmutation/Poison         3
   d - Ice Form                       Ice/Transmutation            4
   e - Blade Hands                    Transmutation                5
Comestibles
 a - 5 fruits
 d - 2 bread rations
 j - a meat ration
 l - a beef jerky
 m - a slice of pizza
 o - a royal jelly


   Skills:
 - Level 1.0 Fighting
 - Level 1.5 Dodging
 + Level 0.9 Stealth
 + Level 3.4 Unarmed Combat
 - Level 2.0 Spellcasting
 * Level 2.6 Transmutations


You had 4 spell levels left.
You knew the following spells:

 Your Spells              Type           Power        Failure   Level  Hunger
a - Beastly Appendage     Tmut           #.....       10%         1    ##.....


Dungeon Overview and Level Annotations

Branches:
Dungeon (2/15)

Altars:

Annotations:
D:2 Ijyb


Innate Abilities, Weirdness & Mutations

You cannot wear boots.
Your serpentine skin is tough. (AC +0)
You have supernaturally acute eyesight. (SInv)
Armour fits poorly on your strangely shaped body.
Your system is resistant to poisons. (rPois)
You cover ground very slowly.
You have a slow metabolism.
You can spit poison.
You have a pair of horns on your head.


Message History

You have got your breath back.
Ijyb hits you.
* * * LOW HITPOINT WARNING * * *
The goblin closely misses you.
You completely miss Ijyb.
Ijyb is heavily wounded.
Ijyb misses you. The goblin barely misses you.
A goblin comes into view. It is wielding a club.
Press: ? - help, Shift-Dir - straight line, f/p - Ijyb
Aim: Ijyb (heavily wounded)
The splash of poison misses Ijyb.
The splash of poison misses the hobgoblin.
You feel slightly more hungry.
The goblin moves out of view.
Ijyb hits you but does no damage. The goblin closely misses you.
You barely miss Ijyb.
Ijyb is heavily wounded.
Ijyb hits you.
* * * LOW HITPOINT WARNING * * *
The goblin hits you.
You die...

###########..
#.........#.. #
#.#######.#.# # #.# #.#
..... ######.#######.#.#
.....
'.............<#g####.....
####.#.##...####g#........
# #†#.##.#.# #@#......# #
#.#..#.#.## #g#..b...# #
#)##.#.#..# #b#......# ##
#.##.#.#..###r#...### ..
...............r...>#
#########.##.#####........
......# #...... ......###
#####.######..## ##....#
#####'##....... ......


You could see Ijyb, a hobgoblin, a goblin, a bat and a rat.

Vanquished Creatures
  A dart slug (D:1)
  2 bats
  2 giant cockroaches (D:1)
  2 goblins
  2 hobgoblins (D:1)
  2 jackals (D:2)
  A frilled lizard (D:1)
  2 kobolds
  2 rats
16 creatures vanquished.

Notes
Turn   | Place    | Note
-------+----------+-------------------------------------------
     0 | D:1      | Gianozzolo the Naga Transmuter began the quest for the Orb.
     0 | D:1      | Reached XP level 1. HP: 18/18 MP: 3/3
   300 | D:1      | Reached XP level 2. HP: 16/25 MP: 3/5
  1020 | D:2      | Noticed Ijyb
  1031 | D:2      | HP: 1/25 [Ijyb (4)]
  1031 | D:2      | Slain by a goblin

Action                   || total
-------------------------++-------
Melee: Unarmed           ||    64
       Headbutt          ||     5
 Cast: Beastly Appendage ||    12
 Abil: Spit Poison       ||     3
Armor: Robe              ||    27
Dodge: Dodged            ||    43
